 Dungeon Crawl Stone Soup version 0.29-a0-319-gad05b8d819 (webtiles) character file.

Game seed: 7513690178841662694

86 Murumi the Bolt Thrower (level 4, -15/33 HPs)
             Began as a Djinni Hunter on Apr 2, 2022.
             Killed from afar by Ijyb (34 damage)
             ... with a bolt of acid
             ... on level 3 of the Dungeon.
             The game lasted 00:06:41 (2206 turns).

Murumi the Bolt Thrower (Djinni Hunter)             Turns: 2206, Time: 00:06:42

Health: -15/33     AC:  5    Str: 10    XL:     4   Next: 77%
Gold:   83         EV: 13    Int: 11    God:
                   SH:  0    Dex: 24

rFire   + + .      SeeInvis .   a - +0 falchion
rCold   x . .      Faith    .   (no shield)
rNeg    . . .      Spirit   .   b - +0 leather armour
rPois   ∞          Reflect  .   (no helmet)
rElec   .          Harm     .   (no cloak)
rCorr   .          Rampage  .   i - +1 pair of gloves
Will    .....                   (boots unavailable)
Stlth   ++........              (no amulet)
HPRegen 0.11/turn               h - +6 ring of dexterity
MPRegen 0.00/turn               (no ring)

@: flying, studying Polearms
A: sickness immunity, fire resistance 2, cold vulnerability 1, float, innate
caster, HP casting, extra vitality 1
a: no special abilities


You were on level 3 of the Dungeon.
You visited 1 branch of the dungeon, and saw 3 of its levels.

You collected 125 gold pieces.
You spent 42 gold pieces at shops.

Inventory:

Hand Weapons
 a - a +0 falchion (weapon)
 f - a +2 hand crossbow
Armour
 b - a +0 leather armour (worn)
 i - a +1 pair of gloves (worn)
Jewellery
 h - a +6 ring of dexterity (left hand)
Scrolls
 g - a scroll of magic mapping
Potions
 c - 3 potions of lignification {unknown}
 d - 3 potions of brilliance
 e - a potion of heal wounds
 j - a potion of cancellation {unknown}


   Skills:
 - Level 2.0 Fighting
 - Level 1.0 Long Blades
 - Level 4.0 Crossbows
 + Level 1.7 Armour
 - Level 3.0 Dodging
 - Level 1.0 Stealth


You had 2 spell levels left.
You knew the following spells:

 Your Spells              Type           Power      Damage    Failure   Level
a - Foxfire               Conj/Fire      0%         2x1d4     43%         1
Your spell library was empty.

Dungeon Overview and Level Annotations

Branches:
Dungeon (3/15)

Altars:
Qazlal

Shops:
D:1 =   D:2 *(

Annotations:
D:3 Ijyb


Innate Abilities, Weirdness & Mutations

You are immune to sickness and miasma.
You are immune to poison.
Your flesh is very heat resistant. (rF++)
You are vulnerable to cold. (rC-)
You float through the air rather than walking.
You learn spells naturally, not from books.
Your magical power is your life essence.
You have superior vitality. (+4 MHP)


Message History

An orc comes into view. It is wielding a +0 dagger of venom.
You shoot a bolt. The bolt hits the goblin.
The goblin is severely wounded.
You shoot a bolt. The bolt closely misses the goblin.
The bolt hits the goblin!
You kill the goblin!
a - a +0 falchion (weapon)
The goblin closely misses you.
You barely miss the goblin.
The goblin is severely wounded.
The goblin barely misses you.
You slash the goblin!
You kill the goblin!
f - a +2 hand crossbow (weapon)
An orc wizard comes into view. It is wielding a +0 dagger.
You shoot a bolt. The bolt closely misses Ijyb.
The orc wizard shouts!
The bolt hits the goblin.
The goblin is moderately wounded.
You hear a shout!
You shoot a bolt. The bolt hits Ijyb.
Ijyb is lightly wounded.
Ijyb zaps a wand.
The bolt of acid hits you!
The orc wizard gestures wildly while chanting.
The orc wizard flickers and vanishes!
Deactivating autopickup; reactivate with Ctrl-A.
You shoot a bolt. The bolt hits Ijyb.
Ijyb is moderately wounded.
Ijyb hits you with a +0 dagger.
a - a +0 falchion (weapon)
You closely miss Ijyb.
Ijyb is moderately wounded.
Ijyb hits you with a +0 dagger.
You slash Ijyb!
Ijyb is severely wounded.
Ijyb closely misses you. x2
You hit Ijyb.
Ijyb is severely wounded.
Ijyb zaps a wand.
The bolt of acid hits you!!
Ouch! That really hurt!
You die...

#.# #........ #.#
#.......g #.#
#....g..g #.#
#...g.... #.#
#.....g #.# #..8.
#.#
..####g.#########.#
......oo...o{ogg@.#
..########..#######
########..#
..)......>#
.........##
.....^...#
.........#
....)....#
.........#


You could see Ijyb, 2 orcs and a goblin.

Vanquished Creatures
  3 adders
  3 worms (D:2)
  2 dart slugs
  5 ball pythons
  4 endoplasms
  A giant cockroach (D:1)
  10 goblins
  2 hobgoblins
  4 kobolds
  A quokka (D:3)
  6 bats
  2 frilled lizards
  4 rats
47 creatures vanquished.

Notes
Turn   | Place    | Note
-------+----------+-------------------------------------------
     0 | D:1      | Murumi the Djinni Hunter began the quest for the Orb.
     0 | D:1      | Reached XP level 1. HP: 18/18 MP: 0/0
    20 | D:1      | Reached skill level 1 in Stealth
   117 | D:1      | Reached XP level 2. HP: 23/23 MP: 0/0
   248 | D:1      | Found Jezallat's Jewellery Shoppe.
   795 | D:1      | Found a faded altar of an unknown god.
  1015 | D:2      | Reached XP level 3. HP: 28/28 MP: 0/0
  1015 | D:2      | Learned a level 1 spell: Foxfire
  1050 | D:2      | Reached skill level 4 in Crossbows
  1138 | D:2      | Found Asuthrip's General Store.
  1168 | D:2      | Bought a scroll of magic mapping for 42 gold pieces
  1180 | D:2      | Reached XP level 4. HP: 33/33 MP: 0/0
  1214 | D:2      | Found a stormy altar of Qazlal.
  1217 | D:2      | Reached skill level 1 in Armour
  1230 | D:2      | Found Eraid's Weapon Shoppe.
  1877 | D:2      | Reached skill level 1 in Long Blades
  2183 | D:3      | Noticed Ijyb
  2206 | D:3      | Killed from afar by Ijyb

Illustrated notes

Levels and vault maps discovered:
D:1:      enne_arrival_octagon_isle, layout_basic, serial_shops, shop,
          shapermc_ecumenical_altar_petra
D:2:      layout_loops_ring, basic_altar, serial_shops,
          nicolae_shop_bloodbath_and_beyond, shop_fountains
D:3:      kennysheep_the_goblin_king, layout_basic, minivault_23

Skill      XL: |  1  2  3  4 |
---------------+-------------+-----
Stealth        | 1 |  1.0
Crossbows      | 4 |  4.0
Dodging        | 3 |  3.0
Armour         | 1 |  1.7
Long Blades    | 1 |  1.0
Fighting       | |  2.0

Action                   |  1- 3 |  4- 6 || total
-------------------------+-------+-------++-------
Melee: Falchion          |    21 |    21 ||    42
 Fire: Hand crossbow     |    48 |    38 ||    86
  Use: Scroll            |     4 |       ||     4
Armor: Leather armour    |    12 |     3 ||    15
Dodge: Dodged            |    22 |    11 ||    33

Table legend: (Time is in decaauts)
 A = Elapsed time spent in this place.
 B = Non-inter-level travel time spent in this place.
 C = Inter-level travel time spent in this place.
 D = Time resting spent in this place.
 E = Time spent auto-exploring this place.
 F = Levels seen in this place.
 G = Mean time per level.
                   A        B        C        D        E       F      G
               +--------+--------+--------+--------+--------+-----+--------+
         Total |   2239 |   2014 |    225 |     43 |   1664 |   3 |  746.3 |
       Dungeon |   2239 |   2014 |    225 |     43 |   1664 |   3 |  746.3 |
               +--------+--------+--------+--------+--------+-----+--------+

Top non-repeatable levels by time:
     D:2: 1089 daAuts
     D:1: 1004 daAuts
     D:3: 146 daAuts
